 Dungeon Crawl Stone Soup version 0.18.1-5-g4a78601 (webtiles) character file.

390 dorian the Cudgeler (level 6, -5/47 HPs)
             Began as a Demonspawn Abyssal Knight on May 14, 2016.
             Was a Priest of Lugonu.
             Slain by an iguana (6 damage)
             ... on level 4 of the Dungeon.
             The game lasted 00:11:45 (4281 turns).

dorian the Cudgeler (Demonspawn Abyssal Knight)     Turns: 4281, Time: 00:11:46

Health: -5/47      AC: 12    Str: 14    XL:     6   Next: 50%
Magic:  9/9        EV:  5    Int: 14    God:    Lugonu [***...]
Gold:   257        SH:  0    Dex: 12    Spells: 0 memorised, 5 levels left

rFire  + + .     SeeInvis .     a - +1 mace
rCold  . . .     Gourm    .     r - +0 chain mail
rNeg   . . .     Faith    .     (no shield)
rPois  .         Spirit   .     E - +0 helmet
rElec  .         Dismiss  .     (no cloak)
rCorr  .         Reflect  .     (no gloves)
SustAt .         Harm     .     (no boots)
MR     .....                    (no amulet)
Stlth  ..........               y - ring of flight
                                B - ring of protection from fire

@: not resistant to hostile enchantments, extremely unstealthy
A: icy blue scales 2, fire resistance 1
a: Depart the Abyss, Bend Space, Banish, Renounce Religion, Evoke Flight


You were on level 4 of the Dungeon.
You worshipped Lugonu.
Lugonu was most pleased with you.
You were not hungry.

You visited 1 branch of the dungeon, and saw 4 of its levels.
You visited the Abyss 1 time.

You collected 257 gold pieces.

Inventory:

Hand Weapons
 a - a +1 mace (weapon)
Armour
 b - a +0 leather armour
 r - a +0 chain mail (worn)
   (You found it on level 2 of the Dungeon)
 v - a +0 plate armour
   (You took it off a goblin on level 2 of the Dungeon)
 E - a +0 helmet (worn)
   (You found it on level 4 of the Dungeon)
Jewellery
 y - a ring of flight (right hand)
   (You found it on level 3 of the Dungeon)
 B - a ring of protection from fire (left hand)
   (You found it on level 3 of the Dungeon)
Wands
 F - a wand of polymorph (11/24)
   (You found it on level 4 of the Dungeon)
 H - a wand of random effects (24/48)
   (You found it on level 4 of the Dungeon)
Scrolls
 d - 4 scrolls of magic mapping {unknown}
 f - 2 scrolls of immolation {unknown}
 g - a scroll of fear {unknown}
 j - 4 scrolls of remove curse {unknown}
 o - a scroll of teleportation {unknown}
 q - a scroll of enchant weapon {unknown}
 s - a scroll of amnesia {unknown}
 u - 3 scrolls of identify {unknown}
 G - a scroll of recharging {unknown}
Potions
 e - a potion of experience {unknown}
 i - 5 potions of curing
 k - a potion of cancellation {unknown}
 l - a potion of cure mutation {unknown}
 p - 3 potions of flight {unknown}
 t - 3 potions of haste {unknown}
 w - a potion of invisibility {unknown}
 z - a potion of lignification {unknown}
 A - 2 potions of heal wounds {unknown}
 C - a potion of degeneration {unknown}
 D - a potion of ambrosia {unknown}
Books
 x - a book of Annihilations
   (You found it on level 2 of the Dungeon)

   Spells                             Type                      Level
   a - Poison Arrow                   Conjuration/Poison           6
   b - Chain Lightning                Conjuration/Air              8
   c - Lehudib's Crystal Spear        Conjuration/Earth            8
   d - Glaciate                       Conjuration/Ice              9
   e - Fire Storm                     Conjuration/Fire             9
Comestibles
 c - 5 bread rations
 h - 4 fruits
 m - 3 meat rations
 n - a beef jerky


   Skills:
 - Level 3.0 Fighting
 + Level 5.3 Maces & Flails
 - Level 1.7 Armour
 - Level 0.8 Dodging
 - Level 1.4 Stealth
 * Level 5.1 Invocations


You had 5 spell levels left.
You didn't know any spells.

Dungeon Overview and Level Annotations

Branches:
Dungeon (4/15)             Temple (0/1) D:4

Altars:
Makhleb
Nemelex Xobeh
Okawaru
Trog
Xom
Zin

Annotations:
Abyss:1 Sigmund


Innate Abilities, Weirdness & Mutations

You are mostly covered in icy blue scales (AC +3, EV -1).
Your flesh is heat resistant.


Message History

The iguana bites you but does no damage.
The adder bites you but does no damage.
You miss the adder.
The adder is severely wounded.
The iguana bites you. The adder bites you but does no damage.
You miss the adder.
The adder is severely wounded.
The adder barely misses you. The iguana bites you!
You hit the adder.
You kill the adder!
Lugonu accepts your kill.
The iguana bites you but does no damage.
You closely miss the iguana. The iguana barely misses you.
You closely miss the iguana.
The iguana bites you but does no damage. x2
You hit the iguana.
The iguana is lightly wounded.
The iguana bites you.
* * * LOW HITPOINT WARNING * * *
You hit the iguana.
The iguana is lightly wounded.
The iguana closely misses you.
You closely miss the iguana.
The iguana is lightly wounded.
The iguana bites you but does no damage.
You hit the iguana but do no damage.
The iguana is lightly wounded.
The iguana bites you.
* * * LOW HITPOINT WARNING * * *
You sock the iguana!
The iguana is severely wounded.
The iguana bites you but does no damage.
You hit the iguana but do no damage.
The iguana is severely wounded.
The iguana bites you.
* * * LOW HITPOINT WARNING * * *
You hit the iguana but do no damage.
The iguana is severely wounded.
The iguana bites you but does no damage.
Your chain mail prevents you from hitting the iguana.
The iguana is severely wounded.
The iguana bites you!
* * * LOW HITPOINT WARNING * * *
The iguana bites you!
* * * LOW HITPOINT WARNING * * *
You are too injured to fight recklessly!
Press: ? - help, Shift-Dir - straight line, f - iguana
Aim: an iguana (severely wounded, chance to defeat MR: 88%)
You fail to use your ability.
The iguana bites you.
You die...

...#.###.###.#......#..#.#.#.##.#
>..#..................###.⌠.###..
.......................#.#.###...
.(.#.###.###..........#.###.#.#..
###### ########....#.#.8.###.⌠.#.
........#.#..#.#.###.#..
.#...#.....#.####.####.#
......†l......##.8.##...
#@.#.#...##.##....
##.#.#.##..#..#### # ####
####...#.##....##... # #..#
##........##..#.##.## # #..#
#.................... # #..#
##.......####.####.##
########..########..####...###.#
#.................#..##.....##.#
'...................>#.......#.#


You could see an iguana.

Vanquished Creatures
  3 hounds
  3 worker ants (D:4)
  Robin (D:4)
  A gnoll (D:2)
  4 adders
  2 dart slugs (D:1)
  2 giant geckos
  3 orcs (D:2)
  7 giant cockroaches
  20 goblins
  5 hobgoblins
  7 jackals (D:3)
  A quokka (D:3)
  6 bats
  A giant gecko skeleton (D:4)
  4 giant newts
  A jackal skeleton (D:4)
  3 kobolds
  10 rats
84 creatures vanquished.

Vanquished Creatures (others)
  An adder (D:3)
1 creature vanquished.

Grand Total: 85 creatures vanquished

Notes
Turn   | Place    | Note
--------------------------------------------------------------
     0 | Abyss:1  | dorian the Demonspawn Abyssal Knight began the quest for the Orb.
     0 | Abyss:1  | Reached XP level 1. HP: 18/18 MP: 2/2
    10 | D:1      | Escaped the Abyss
    49 | D:1      | Reached skill level 2 in Maces & Flails
    93 | D:1      | Gained mutation: You are partially covered in icy blue scales (AC +1). [demonic ancestry]
    93 | D:1      | Reached XP level 2. HP: 24/24 MP: 4/4
   138 | D:1      | HP: 11/24 [hobgoblin/club (6)]
   139 | D:1      | Reached skill level 3 in Invocations
   508 | D:1      | Reached ** piety under Lugonu
   740 | D:2      | Reached XP level 3. HP: 27/29 MP: 5/5
   901 | D:2      | Found a sparkling altar of Nemelex Xobeh.
   960 | D:2      | Found an iron altar of Okawaru.
   986 | D:2      | Found a bloodstained altar of Trog.
  1276 | D:2      | HP: 14/29 [adder (3)]
  1278 | D:2      | Reached skill level 3 in Maces & Flails
  1330 | D:2      | HP: 14/29 [adder (4)]
  1334 | D:2      | Gained mutation: Your flesh is heat resistant. [demonic ancestry]
  1334 | D:2      | Reached XP level 4. HP: 14/35 MP: 6/6
  1336 | D:2      | HP: 12/35 [poisoned by an adder]
  1341 | D:2      | HP: 9/35 [poisoned by an adder]
  1346 | D:2      | HP: 8/35 [poisoned by an adder]
  1353 | D:2      | HP: 7/35 [poisoned by an adder]
  1361 | D:2      | HP: 5/35 [poisoned by an adder]
  1639 | D:2      | Identified a book of Annihilations
  1677 | D:2      | Reached skill level 4 in Invocations
  1683 | D:2      | HP: 17/35 [hound (4)]
  1688 | D:2      | HP: 10/35 [gnoll/club (5)]
  1695 | D:2      | Reached XP level 5. HP: 20/41 MP: 8/8
  1912 | D:2      | Reached skill level 1 in Stealth
  2239 | D:3      | Reached *** piety under Lugonu
  2544 | D:3      | Reached skill level 4 in Maces & Flails
  2680 | D:3      | Found a burning altar of Makhleb.
  2726 | D:3      | Found a shimmering altar of Xom.
  2939 | D:4      | Noticed Sigmund
  2959 | D:4      | Banished Sigmund
  3061 | D:4      | Found a staircase to the Ecumenical Temple.
  3163 | D:4      | Gained mutation: You are mostly covered in icy blue scales (AC +3, EV -1). [demonic ancestry]
  3163 | D:4      | Reached XP level 6. HP: 44/47 MP: 9/9
  3175 | D:4      | HP: 23/47 [poisoned by a worker ant]
  3180 | D:4      | HP: 20/47 [poisoned by a worker ant]
  3185 | D:4      | HP: 16/47 [poisoned by a worker ant]
  3190 | D:4      | HP: 15/47 [poisoned by a worker ant]
  3195 | D:4      | HP: 14/47 [poisoned by a worker ant]
  3203 | D:4      | HP: 13/47 [poisoned by a worker ant]
  3580 | D:4      | Reached skill level 5 in Maces & Flails
  3580 | D:4      | Reached skill level 5 in Invocations
  3636 | D:4      | Found a glowing silver altar of Zin.
  3773 | D:4      | Noticed Robin
  3801 | D:4      | Killed Robin
  4273 | D:4      | HP: 21/47 [iguana (6)]
  4278 | D:4      | HP: 15/47 [iguana (5)]
  4280 | D:4      | HP: 1/47 [iguana (8)]
  4281 | D:4      | Slain by an iguana

Skill      XL: |  1  2  3  4  5  6 |
---------------+-------------------+-----
Maces & Flails | 2 3 4 5 |  5.3
Invocations    | 3 4 5 |  5.1
Stealth        | 1 |  1.4
Fighting       | |  3.0
Armour         | |  1.7
Dodging        | |  0.8

Action                   |  1- 3 |  4- 6 || total
-------------------------+-------+-------++-------
Melee: Mace              |   114 |   239 ||   353
Invok: Banish            |       |     2 ||     2
  Use: Potion            |     1 |     2 ||     3
  Eat: Chunk             |     1 |    11 ||    12
Armor: Leather armour    |    33 |       ||    33
       Plate armour      |     7 |   153 ||   160
       Chain mail        |       |   109 ||   109
Dodge: Dodged            |    65 |    62 ||   127
